 Dungeon Sprint DCSS version 0.20.1-1-g8b1a95d (console) character file.

33 hilaritas the Ducker (level 3, -6/22 HPs)
             Began as a Deep Elf Fire Elementalist on Mar 6, 2018.
             Was an Initiate of Vehumet.
             Mangled by a draconian
             ... wielding a +0 short sword
              (15 damage)
             ... in the Dungeon (Sprint V: "Ziggurat Sprint").
             The game lasted 00:01:42 (134 turns).

hilaritas the Ducker (Deep Elf Fire Elementalist)    Turns: 134, Time: 00:01:43

Health: -6/22      AC:  2    Str:  5    XL:     3   Next: 12%
Magic:  1/9        EV: 15    Int: 20    God:    Vehumet [......]
Gold:   0          SH:  8    Dex: 15    Spells: 5/8 levels left

rFire    . . .     SeeInvis .   D - staff of energy
rCold    . . .     Gourm    .   k - +3 buckler
rNeg     . . .     Faith    .   a - +0 robe
rPois    .         Spirit   .   (no helmet)
rElec    .         Reflect  .   (no cloak)
rCorr    .         Harm     .   (no gloves)
MR       .....     NoTele   +   (no boots)
Stlth    ++........             (no amulet)
Regen    0.1/turn               (no ring)
MPRegen  0.2/turn               (no ring)

@: no status effects
A: no striking features
a: Renounce Religion


You were in the Dungeon.
You worshipped Vehumet.
Vehumet was noncommittal.
You were not hungry.

You visited 1 branch

Inventory:

Hand Weapons
 N - a +5 quick blade
Armour
 a - a +0 robe (worn)
 j - +5 ice dragon scales
 k - a +3 buckler (worn)
Magical Staves
 D - an uncursed staff of energy (weapon)
Jewellery
 v - a +6 ring of dexterity
 w - a +6 ring of dexterity
 x - a +6 ring of intelligence
 y - a +6 ring of intelligence
 z - a +6 ring of strength
 A - a +6 ring of strength
 B - an uncursed ring of flight
Wands
 r - a wand of disintegration (7/24)
 s - a wand of iceblast (5/15)
 t - a wand of lightning (5/15)
 u - a wand of acid (5/15)
Scrolls
 i - 4 scrolls of blinking
 E - 4 scrolls of amnesia
 F - 3 scrolls of recharging
 G - 7 scrolls of fog
 H - a scroll of holy word
 I - 5 scrolls of identify
 J - 5 scrolls of remove curse
 K - 2 scrolls of fear
Potions
 d - 9 potions of curing
 e - 10 potions of heal wounds
 f - 6 potions of haste
 g - 7 potions of magic
 h - 3 potions of berserk rage
 l - 2 potions of brilliance
 m - 2 potions of invisibility
 n - 4 potions of resistance
 p - 5 potions of agility
 q - 5 potions of might
Books
 b - a book of Flames

   Spells                             Type                      Level
   a - Flame Tongue                   Conjuration/Fire             1
   b - Throw Flame                    Conjuration/Fire             2
   c - Conjure Flame                  Conjuration/Fire             3
   d - Inner Flame                    Hexes/Fire                   3
   e - Sticky Flame                   Conjuration/Fire             4
   f - Fireball                       Conjuration/Fire             5
Miscellaneous
 o - a phantom mirror
 C - a lightning rod (4/4)
Comestibles
 c - 5 bread rations
 L - 42 fruits
 M - 4 meat rations


   Skills:
 - Level 2.8 Fighting
 - Level 4.9 Dodging
 - Level 2.4 Stealth
 - Level 4.2 Shields
 - Level 3.0 Spellcasting
 * Level 2.3 Conjurations
 + Level 4.7 Fire Magic


You had 5 spell levels left.
You knew the following spells:

 Your Spells              Type           Power        Failure   Level  Hunger
a - Flame Tongue          Conj/Fire      ###..        3%          1    None
b - Throw Flame           Conj/Fire      ###...       4%          2    None


Dungeon Overview and Level Annotations

Branches:
Dungeon (1/1)

Altars:
Ashenzari
Cheibriados
Dithmenos
Elyvilon
Fedhas
Gozag
Hepliaklqana
Kikubaaqudgha
Makhleb
Nemelex Xobeh
Okawaru
Qazlal
Ru
Sif Muna
Trog
Uskayaw
Vehumet
Xom
Yredelemnul
Zin
The Shining One
Beogh
Jiyva
Lugonu

Annotations:
D 1 transporter


Message History

Aim: a draconian, wielding a short sword The flame tongue hits the draconian.
The draconian is lightly wounded.
The draconian hits you with a short sword!
Ouch! That really hurt!
The draconian hits you with a dagger.
Unknown command.
You feel better. The draconian closely misses you.
You block the draconian's attack. The draconian hits you with a dagger.
Casting: Flame Tongue
Confirm with . or Enter, or press ? or * to list all spells.
Aiming: Flame Tongue
Press: ? - help, Shift-Dir - straight line, f/p - draconian
Aim: a draconian, wielding a short sword (lightly wounded)
The flame tongue hits the draconian.
The draconian is lightly wounded.
You block the draconian's attack.
The draconian hits you with a short sword!
Ouch! That really hurt!
You die...

▓▓▓▓▓▓▓▓▓▓▓▓▓
▓.8©8.▓.8©8.▓
▓.:)?.▓.....▓
▓.....▓...[.▓
▓.....▓.....▓
▓.....▓.....▓
▓dd...▓.....▓
▓@d...▓▓▓▓▓▓▓
▓▓▓▓▓▓▓


You could see 3 draconians.

Vanquished Creatures
  2 mummies (D)
2 creatures vanquished.

Notes
Turn   | Place    | Note
-------+----------+-------------------------------------------
     0 | D        | hilaritas the Deep Elf Fire Elementalist began the quest for the Orb.
     0 | D        | Reached XP level 1. HP: 10/10 MP: 6/6
     3 | D        | Found a blossoming altar of Fedhas.
     7 | D        | Found a deep blue altar of Sif Muna.
     7 | D        | Found a sacrificial altar of Ru.
     7 | D        | Found a bloodstained altar of Trog.
     7 | D        | Found a stormy altar of Qazlal.
     7 | D        | Found an iron altar of Okawaru.
     7 | D        | Found a sparkling altar of Nemelex Xobeh.
    13 | D        | Found a corrupted altar of Lugonu.
    13 | D        | Found an ancient bone altar of Kikubaaqudgha.
    13 | D        | Found a burning altar of Makhleb.
    13 | D        | Found a transporter.
    13 | D        | Found a viscous altar of Jiyva.
    13 | D        | Found a hazy altar of Hepliaklqana.
    28 | D        | Became a worshipper of Vehumet
    33 | D        | Found an opulent altar of Gozag.
    48 | D        | Reached XP level 2. HP: 18/18 MP: 8/8
    52 | D        | Learned a level 2 spell: Throw Flame
    55 | D        | Entered arena 2.
    55 | D        | Found a transporter.
    61 | D        | Reached XP level 3. HP: 22/22 MP: 2/9
   124 | D        | Entered arena 3.
   124 | D        | Noticed a draconian
   124 | D        | Noticed a draconian
   124 | D        | Noticed a draconian
   124 | D        | Found a transporter.
   134 | D        | Mangled by a draconian

Skill      XL: |  1  2 |
---------------+-------+-----
Fighting       | 2 |  2.8
Dodging        | 4 |  4.9
Shields        | 4 |  4.2
Fire Magic     | 4 |  4.7
Conjurations   | 2 |  2.3
Stealth        | |  2.4
Spellcasting   | |  3.0

Action                   || total
-------------------------++-------
 Cast: Flame Tongue      ||    11
       Throw Flame       ||     1
  Use: Potion            ||     2
Dodge: Dodged            ||     1
Block: Buckler           ||     5
